 Dungeon Sprint DCSS version 0.22-a0-358-g7563fe7 (webtiles) character file.

253 KristoblXynda the Carver (level 5, -3/41 HPs)
             Began as a Draconian Gladiator on Apr 18, 2018.
             Was an Elder of Uskayaw.
             Slain by a two-headed ogre
             ... wielding a +0 giant club
              (19 damage)
             ... in the Dungeon (Sprint IX: "|||||||||||||||||||||||||||||").
             The game lasted 00:01:24 (260 turns).

KristoblXynda the Carver (Draconian Gladiator)       Turns: 260, Time: 00:01:25

Health: -3/41      AC: 13    Str: 17    XL:     5   Next: 90%
Magic:  5/5        EV: 19    Int:  9    God:    Uskayaw [****..]
Gold:   0          SH:  0    Dex: 12    Spells: 4/4 levels left

rFire    . . .     SeeInvis .   o - +2 scimitar (protect)
rCold    . . .     Gourm    .   (no shield)
rNeg     . . .     Faith    .   (armour unavailable)
rPois    .         Spirit   .   b - +0 hat
rElec    .         Reflect  .   p - +0 cloak
rCorr    .         Harm     .   (no gloves)
MR       .....     NoTele   +   (no boots)
Stlth    +.........             (no amulet)
HPRegen  0.13/turn              r - +2 ring of evasion
MPRegen  0.09/turn              q - +2 ring of evasion

@: protection aura, hasted, very quick
A: unfitting armour, cold-blooded, AC +5
a: Stomp, Line Pass, Renounce Religion


You were in the Dungeon.
You worshipped Uskayaw.
Uskayaw was noncommittal.
You were not hungry.

You visited 1 branch

Inventory:

Hand Weapons
 o - a +2 scimitar of protection (weapon)
Missiles
 c - 3 throwing nets (quivered)
Armour
 b - a +0 hat (worn)
 p - a +0 cloak (worn)
Jewellery
 q - a +2 ring of evasion (right hand)
 r - a +2 ring of evasion (left hand)
Wands
 n - a wand of iceblast (10)
Scrolls
 j - 2 scrolls of blinking
 l - 3 scrolls of remove curse
 m - 2 scrolls of amnesia
Potions
 e - 5 potions of curing
 f - 3 potions of heal wounds
 h - 4 potions of magic
 k - a potion of invisibility
Comestibles
 d - a ration
 i - 2 chunks of flesh


   Skills:
 - Level 2.1 Fighting
 * Level 10.1 Long Blades
 - Level 2.6 Throwing
 + Level 7.1 Dodging


You had 4 spell levels left.
You didn't know any spells.

Dungeon Overview and Level Annotations

Branches:
Dungeon (1/1)

Altars:
Cheibriados
Dithmenos
Elyvilon
Fedhas
Gozag
Hepliaklqana
Kikubaaqudgha
Makhleb
Nemelex Xobeh
Okawaru
Qazlal
Ru
Sif Muna
Trog
Uskayaw
Vehumet
Wu Jian
Xom
Yredelemnul
Zin
The Shining One
Beogh
Jiyva
Lugonu


Innate Abilities, Weirdness & Mutations

Your plain brown scales are hard. (AC +5)
You cannot fit into any form of body armour.
You are cold-blooded and may be slowed by cold attacks.


Message History

The two-headed ogre is moderately wounded.
The helpless two-headed ogre fails to defend itself.
You slash the two-headed ogre!
The two-headed ogre is heavily wounded.
The shadow imp is no longer paralysed.
The two-headed ogre is no longer paralysed.
The bullfrog is no longer paralysed.
The orc is no longer paralysed.
The two-headed ogre hits you with a giant club.
The two-headed ogre barely misses you.
Uskayaw will force your foes to share their pain.
Uskayaw links your audience in an emotional bond!
You hit the two-headed ogre.
The two-headed ogre is severely wounded.
You hit the two-headed ogre.
You kill the shadow imp!
You tail-slap the two-headed ogre, but do no damage.
The two-headed ogre is almost dead.
The two-headed ogre hits you with a giant club!
The two-headed ogre hits you with a giant spiked club!!
You die... ▓▓▓▓▓▓▓▓▓▓▓▓▓▓▓▓▓▓▓▓▓▓▓▓ _______'..|).[[.@OF.o... ▓▓▓▓▓▓▓▓▓▓▓▓▓▓▓▓▓▓▓▓▓▓▓▓

You could see a two-headed ogre, a bullfrog and an orc.

Vanquished Creatures
  2 sky beasts (D)
  An iguana (D)
  A worker ant (D)
  A shadow imp (D)
  A leopard gecko (D)
  A bat zombie (D)
  A giant cockroach (D)
  A goblin (D)
  A hobgoblin (D)
  A quokka (D)
  2 bats (D)
13 creatures vanquished.

Notes
Turn   | Place    | Note
-------+----------+-------------------------------------------
     0 | D        | KristoblXynda the Draconian Gladiator began the quest for the Orb.
     0 | D        | Reached XP level 1. HP: 17/17 MP: 1/1
    30 | D        | Noticed an iguana
    30 | D        | Noticed a worker ant
    37 | D        | Killed an iguana
    37 | D        | Reached skill level 5 in Long Blades
    37 | D        | Reached XP level 2. HP: 19/24 MP: 2/2
    37 | D        | Reached XP level 3. HP: 22/29 MP: 3/3
    43 | D        | Reached skill level 6 in Long Blades
   174 | D        | Found a roughly hewn altar of Beogh.
   174 | D        | Found a snail-covered altar of Cheibriados.
   174 | D        | Found a shadowy altar of Dithmenos.
   174 | D        | Found a white marble altar of Elyvilon.
   174 | D        | Found a blossoming altar of Fedhas.
   174 | D        | Found an opulent altar of Gozag.
   175 | D        | Found a hazy altar of Hepliaklqana.
   176 | D        | Found a viscous altar of Jiyva.
   177 | D        | Found an ancient bone altar of Kikubaaqudgha.
   178 | D        | Found a corrupted altar of Lugonu.
   179 | D        | Found a burning altar of Makhleb.
   182 | D        | Found a sparkling altar of Nemelex Xobeh.
   183 | D        | Found an iron altar of Okawaru.
   184 | D        | Found a stormy altar of Qazlal.
   185 | D        | Found a sacrificial altar of Ru.
   186 | D        | Found a deep blue altar of Sif Muna.
   187 | D        | Found a bloodstained altar of Trog.
   188 | D        | Found a hide-covered altar of Uskayaw.
   189 | D        | Found a radiant altar of Vehumet.
   190 | D        | Found an ornate altar of the Wu Jian Council.
   191 | D        | Found a shimmering altar of Xom.
   192 | D        | Found a basalt altar of Yredelemnul.
   193 | D        | Found a glowing silver altar of Zin.
   194 | D        | Found a glowing golden altar of the Shining One.
   196 | D        | Became a worshipper of Uskayaw the Reveler
   230 | D        | Noticed a sky beast
   230 | D        | Noticed a sky beast
   230 | D        | Noticed a two-headed ogre
   230 | D        | Noticed a bullfrog
   233 | D        | Reached * piety under Uskayaw
   236 | D        | Reached ** piety under Uskayaw
   239 | D        | Killed a sky beast
   239 | D        | Reached skill level 8 in Long Blades
   239 | D        | Reached XP level 4. HP: 36/36 MP: 4/4
   239 | D        | Reached XP level 5. HP: 41/41 MP: 5/5
   256 | D        | Killed a sky beast
   256 | D        | Reached skill level 10 in Long Blades
   256 | D        | Reached *** piety under Uskayaw
   258 | D        | Reached **** piety under Uskayaw
   260 | D        | Slain by a two-headed ogre

Vault maps used:
D:        linesprint

Skill      XL: |  1  2  3  4  5 |
---------------+----------------+-----
Throwing       | 2 |  2.6
Dodging        | 4 6 7 |  7.1
Long Blades    | 5 8 10 | 10.1
Fighting       | |  2.1

Action                   |  1- 3 |  4- 6 || total
-------------------------+-------+-------++-------
Melee: Long sword        |    31 |       ||    31
       Tailslap          |     7 |     1 ||     8
       Scimitar          |     8 |    21 ||    29
  Use: Potion            |     2 |       ||     2
 Stab: Paralysed         |       |     2 ||     2
Armor: Skin              |    14 |     3 ||    17
Dodge: Dodged            |    31 |     7 ||    38
       Rpst.: Long sword |     5 |       ||     5
       Scimitar          |     2 |     1 ||     3

Table legend:
 A = Spawn XP
 B = Non-spawn XP
 C = Spawn XP percentage of total XP
 D = Spawn monster count
 E = Non-spawn monster count
 F = Spawn count percentage of total count
 G = Total turns spent on level
                    A         B        C        D         E        F      G
               +---------+---------+-------+---------+---------+-------+---------
         Total |       0 |     362 |   0.0 |       0 |      13 |   0.0 |   260
               +---------+---------+-------+---------+---------+-------+---------
             D |       0 |     362 |   0.0 |       0 |      13 |   0.0 |   260
               +---------+---------+-------+---------+---------+-------+---------
